AoeStats
← josiahkane

Four Lakes

509172934Analyzed
1v1 RM · 8d ago on Sep 25, 2026· 41m 19s· 2 players
Game mode
Random Map
Map size
Tiny (2 player)
Population
200
Speed
Normal
Resources
Standard
Victory
Conquest
Starting age
Dark Age
Ending age
Imperial Age
RankedLock teamsTeams togetherTeam positionsShared explorationLock speedFull tech treeHidden civsTurbo modeCheats
Victory
Defeat
🇦🇷 Spanish · Argentina
862
+17
🇬🇧 Burgundians · United Kingdom
880
-17
HazelPrince9338
8:43 Loom
10:38 Feudal Age
11:25 Double-Bit Axe
15:18 Fishing Lines
15:11 Man-at-Arms
17:08 Wheelbarrow
17:29 Arson
24:32 Forging
24:31 Gold Mining
26:45 Horse Collar
27:55 Fletching
28:05 Padded Archer Armor
28:06 Scale Mail Armor
32:13 Castle Age
30:29 Stone Mining
32:20 Pikeman
35:53 Bodkin Arrow
38:43 Leather Archer Armor
38:55 Hand Cart
39:53 Ballistics
40:56 Husbandry
josiahkane
7:08 Double-Bit Axe
10:46 Fishing Lines
13:47 Feudal Age
13:17 Loom
15:57 Horse Collar
21:49 Castle Age
21:04 Gillnets
23:56 Cavalier
25:04 Forging
26:12 Husbandry
27:15 Scale Barding Armor
28:55 Wheelbarrow
39:17 Fletching
39:42 Burgundian Vineyards
Connection lost

Rejoining the realm…

Still unreachable

The connection could not be restored.

Session expired

The server has moved on; the page needs a fresh start.